NWL (28 & UNDER)
RED DEER WRANGLERS @ CULVER CITY EXTRAS
07/21/2029
 
TOP OF THE 1ST
Red Deer Wranglers batting - Pitching for Culver City Extras : LHP Scott Davis
Pitching: LHP Scott Davis
Batting: RHB Julián García 0-0: Called Strike
0-1: Ball
1-1: Ball
2-1: SINGLE (Groundball, 56S) (infield hit)
Batting: RHB Joe Lewis 0-0: Called Strike
0-1: Fly out, F7 (Line Drive, 78S)
Batting: RHB Steve Burton 0-0: Called Strike
0-1: Ball
1-1: Ball
2-1: Ball
3-1: SINGLE (Flyball, 34D)
Julián García to second
Runner from 2nd tries for 3rd, SAFE, no throw
Batting: RHB Ismael Ortíz 0-0: Called Strike
0-1: SINGLE (Groundball, 34S) (infield hit)
Julián García scores
Steve Burton to second
Batting: RHB Pedro Cabrera 0-0: Ball
1-0: Foul Ball, location: 2F
1-1: Fly out, F8 (Flyball, 89D)
Runner from 2nd tags up, SAFE at 3rd, no throw
Batting: RHB Xavier López 0-0: Ground out 5-3 (Groundball, 56)
Top of the 1st over - 1 run, 3 hits, 0 errors, 2 left on base; Red Deer 1 - Culver City 0
BOTTOM OF THE 1ST
Culver City Extras batting - Pitching for Red Deer Wranglers : RHP Michael Walton
Pitching: RHP Michael Walton
Batting: RHB Horace Johnson 0-0: Ball
1-0: Ball
2-0: Called Strike
2-1: SINGLE (Line Drive, 7S)
Batting: RHB Jason McIntosh 0-0: Called Strike
Horace Johnson steals 2nd base
0-1: Ground out 5-3 (Groundball, 56S)
Horace Johnson to third
Batting: LHB Jorge Martínez 0-0: Fly out, F9 (Flyball, 89M)
Runner from 3rd tags up, SCORES, throw made
Batting: LHB Trey Fitzpatrick 0-0: Foul Ball, location: 2F
0-1: Ball
1-1: Ball
2-1: Ball
3-1: Called Strike
3-2: Foul Ball, location: 2F
3-2: Base on Balls
Batting: LHB Ramiro Venegas 0-0: Fly out, F9 (Flyball, 89D)
Bottom of the 1st over - 1 run, 1 hit, 0 errors, 1 left on base; Red Deer 1 - Culver City 1
TOP OF THE 2ND
Red Deer Wranglers batting - Pitching for Culver City Extras : LHP Scott Davis
Batting: SHB Robbie Rhodes 0-0: Ball
1-0: Foul Ball, location: 2F
1-1: Ball
2-1: Called Strike
2-2: Ground out 5-3 (Groundball, 56)
Batting: RHB Ricardo González 0-0: DOUBLE (Line Drive, 78D)
Batting: LHB Héctor Santos 0-0: Ball
1-0: Ball
2-0: Called Strike
2-1: Swinging Strike
2-2: Foul Ball, location: 2F
2-2: Strikes out looking
Batting: RHB Julián García 0-0: Called Strike
0-1: Ground out 3-1 (Groundball, 34S)
Top of the 2nd over - 0 runs, 1 hit, 0 errors, 1 left on base; Red Deer 1 - Culver City 1
BOTTOM OF THE 2ND
Culver City Extras batting - Pitching for Red Deer Wranglers : RHP Michael Walton
Batting: LHB Buddy Rice 0-0: Foul Ball, location: 2F
0-1: Ball
1-1: SOLO HOME RUN (Flyball, 9LD), Distance : 366 ft
Batting: RHB Marcos Liñares 0-0: Called Strike
0-1: Called Strike
0-2: Ground out 6-3 (Groundball, 6)
Batting: RHB Jamie Swyers 0-0: Ball
1-0: Foul Ball, location: 2F
1-1: Swinging Strike
1-2: Strikes out looking
Batting: LHB Francisco Chavero 0-0: Swinging Strike
0-1: Ball
1-1: Ground out 4-3 (Groundball, 4)
Bottom of the 2nd over - 1 run, 1 hit, 0 errors, 0 left on base; Red Deer 1 - Culver City 2
TOP OF THE 3RD
Red Deer Wranglers batting - Pitching for Culver City Extras : LHP Scott Davis
Batting: RHB Joe Lewis 0-0: Called Strike
0-1: Swinging Strike
0-2: Ball
1-2: Foul Ball, location: 2F
1-2: Ball
2-2: Ball
3-2: Foul Ball, location: 2F
3-2: Base on Balls
Batting: RHB Steve Burton 0-0: Fly out, F7 (Line Drive, 7D)
Batting: RHB Ismael Ortíz 0-0: Grounds into double play, 5-4-3 (Groundball, 56)
Top of the 3rd over - 0 runs, 0 hits, 0 errors, 0 left on base; Red Deer 1 - Culver City 2
BOTTOM OF THE 3RD
Culver City Extras batting - Pitching for Red Deer Wranglers : RHP Michael Walton
Batting: RHB Horace Johnson 0-0: SINGLE (Line Drive, 9LS)
Batting: RHB Jason McIntosh 0-0: Called Strike
0-1: Foul Ball, location: 2F
0-2: Strikes out swinging
Batting: LHB Jorge Martínez 0-0: Ball
1-0: Foul Ball, location: 2F
1-1: Ball
2-1: Fielders Choice at 2nd, 4-6 (Groundball, 34)
Batting: LHB Trey Fitzpatrick 0-0: Ball
1-0: Called Strike
1-1: Ball
2-1: Called Strike
2-2: Fly out, F8 (Line Drive, 8RD)
Bottom of the 3rd over - 0 runs, 1 hit, 0 errors, 1 left on base; Red Deer 1 - Culver City 2
TOP OF THE 4TH
Red Deer Wranglers batting - Pitching for Culver City Extras : LHP Scott Davis
Batting: RHB Pedro Cabrera 0-0: Ball
1-0: Ball
2-0: Ball
3-0: Called Strike
3-1: Base on Balls
Batting: RHB Xavier López 0-0: Foul Ball, location: 2F
0-1: Fly out, F7 (Line Drive, 7)
Batting: SHB Robbie Rhodes 0-0: Foul Ball, location: 2F
0-1: Ball
Wild Pitch!
Pedro Cabrera to second
1-1: Ball
2-1: Foul Ball, location: 2F
2-2: Strikes out looking
Batting: RHB Ricardo González 0-0: Called Strike
0-1: Called Strike
0-2: Strikes out swinging
Top of the 4th over - 0 runs, 0 hits, 0 errors, 1 left on base; Red Deer 1 - Culver City 2
BOTTOM OF THE 4TH
Culver City Extras batting - Pitching for Red Deer Wranglers : RHP Michael Walton
Batting: LHB Ramiro Venegas 0-0: Ball
1-0: Swinging Strike
1-1: Swinging Strike
1-2: Strikes out swinging
Batting: LHB Buddy Rice 0-0: Ball
1-0: Ball
2-0: SINGLE (Flyball, 7S)
Batting: RHB Marcos Liñares 0-0: Called Strike
0-1: Ball
1-1: Called Strike
1-2: Ball
2-2: Foul Ball, location: 2F
2-2: Foul Ball, location: 2F
2-2: Strikes out swinging
Batting: RHB Jamie Swyers 0-0: Called Strike
0-1: Ball
1-1: DOUBLE (Line Drive, 78D)
Buddy Rice to third
Batting: LHB Francisco Chavero 0-0: Foul Ball, location: 2F
0-1: Called Strike
0-2: Ball
1-2: Foul Ball, location: 2F
1-2: Foul Ball, location: 2F
1-2: Foul Ball, location: 2F
1-2: Ball
2-2: Strikes out swinging
Bottom of the 4th over - 0 runs, 2 hits, 0 errors, 2 left on base; Red Deer 1 - Culver City 2
TOP OF THE 5TH
Red Deer Wranglers batting - Pitching for Culver City Extras : LHP Scott Davis
Batting: LHB Héctor Santos 0-0: Ball
1-0: Ball
2-0: Called Strike
2-1: SINGLE (Groundball, 6MD)
Batting: RHB Julián García 0-0: Called Strike
0-1: Foul Ball, location: 2F
0-2: Foul Ball, location: 2F
0-2: Foul Ball, location: 2F
0-2: Strikes out swinging
Batting: RHB Joe Lewis 0-0: Ball
1-0: Called Strike
1-1: Fly out, F4 (Popup, 34)
Batting: RHB Steve Burton 0-0: Called Strike
0-1: Swinging Strike
0-2: Foul Ball, location: 2F
0-2: Foul Ball, location: 2F
0-2: Ball
1-2: Strikes out looking
Top of the 5th over - 0 runs, 1 hit, 0 errors, 1 left on base; Red Deer 1 - Culver City 2
BOTTOM OF THE 5TH
Culver City Extras batting - Pitching for Red Deer Wranglers : RHP Michael Walton
Batting: RHB Horace Johnson 0-0: Ball
1-0: Foul Ball, location: 2F
1-1: Swinging Strike
1-2: Ball
2-2: SINGLE (Groundball, 56S) (infield hit)
Batting: RHB Jason McIntosh 0-0: Called Strike
0-1: Ball
1-1: Foul Ball, location: 2F
1-2: Fly out, F9 (Line Drive, 89S)
Batting: LHB Jorge Martínez 0-0: Ball
1-0: Ball
2-0: Swinging Strike
2-1: Ball
3-1: Base on Balls
Horace Johnson to second
Batting: LHB Trey Fitzpatrick 0-0: Called Strike
Horace Johnson steals 3rd base
0-1: Ball
1-1: DOUBLE (Line Drive, 9LM)
Horace Johnson scores
Jorge Martínez to third
Runner from 3rd tries for Home, SAFE, no throw
Batting: LHB Ramiro Venegas 0-0: Ground out 1-3 (Groundball, 15)
Batting: LHB Buddy Rice 0-0: Ball
1-0: Called Strike
1-1: Foul Ball, location: 2F
1-2: Ground out 5-3 (Groundball, 56)
Bottom of the 5th over - 2 runs, 2 hits, 0 errors, 1 left on base; Red Deer 1 - Culver City 4
TOP OF THE 6TH
Red Deer Wranglers batting - Pitching for Culver City Extras : LHP Scott Davis
Batting: RHB Ismael Ortíz 0-0: Foul Ball, location: 2F
0-1: Ground out 2-3 (Groundball, 2R)
Batting: RHB Pedro Cabrera 0-0: Called Strike
0-1: Swinging Strike
0-2: Ball
1-2: Ball
2-2: Ball
3-2: Strikes out looking
Batting: RHB Xavier López 0-0: Ball
1-0: Fly out, F8 (Flyball, 89S)
Top of the 6th over - 0 runs, 0 hits, 0 errors, 0 left on base; Red Deer 1 - Culver City 4
BOTTOM OF THE 6TH
Culver City Extras batting - Pitching for Red Deer Wranglers : RHP Michael Walton
Pitching: RHP Josh Ewing
Batting: RHB Marcos Liñares 0-0: Swinging Strike
0-1: Ball
1-1: Ball
2-1: Ground out 4-3 (Groundball, 4M)
Batting: RHB Jamie Swyers 0-0: SINGLE (Groundball, 34D)
Batting: LHB Francisco Chavero 0-0: Grounds into double play, 5-4-3 (Groundball, 5L)
Bottom of the 6th over - 0 runs, 1 hit, 0 errors, 0 left on base; Red Deer 1 - Culver City 4
TOP OF THE 7TH
Red Deer Wranglers batting - Pitching for Culver City Extras : LHP Scott Davis
Now at C: Robert Koremans
Batting: SHB Robbie Rhodes 0-0: Swinging Strike
0-1: Swinging Strike
0-2: SINGLE (Line Drive, 56D)
Batting: RHB Ricardo González 0-0: Called Strike
0-1: Ball
1-1: SINGLE (Flyball, 34D)
Robbie Rhodes to second
Runner from 2nd tries for 3rd, SAFE, no throw
Batting: LHB Héctor Santos 0-0: Ball
Wild Pitch!
Robbie Rhodes scores
Ricardo González to second
1-0: Called Strike
1-1: Ball
2-1: Ball
3-1: Called Strike
3-2: Strikes out swinging
Batting: RHB Julián García 0-0: Fly out, F6 (Line Drive, 6)
Batting: RHB Joe Lewis 0-0: Called Strike
0-1: Ball
1-1: Swinging Strike
1-2: Strikes out swinging
Top of the 7th over - 1 run, 2 hits, 0 errors, 1 left on base; Red Deer 2 - Culver City 4
BOTTOM OF THE 7TH
Culver City Extras batting - Pitching for Red Deer Wranglers : RHP Josh Ewing
Batting: RHB Horace Johnson 0-0: Ball
1-0: Ball
2-0: Ground out 3-1 (Groundball, 34)
Batting: RHB Jason McIntosh 0-0: Foul Ball, location: 2F
0-1: Foul Ball, location: 2F
0-2: Ball
1-2: Foul Ball, location: 2F
1-2: Ball
2-2: Fly out, F3 (Popup, 3F)
Batting: LHB Jorge Martínez 0-0: Ball
1-0: Called Strike
1-1: Ball
2-1: SINGLE (Groundball, 25) (infield hit)
Batting: LHB Trey Fitzpatrick 0-0: Ball
1-0: DOUBLE (Line Drive, 5D)
Jorge Martínez to third
Jorge Martínez scores
Batting: LHB Ramiro Venegas 0-0: Called Strike
0-1: Ground out 5-3 (Groundball, 56)
Bottom of the 7th over - 1 run, 2 hits, 0 errors, 1 left on base; Red Deer 2 - Culver City 5
TOP OF THE 8TH
Red Deer Wranglers batting - Pitching for Culver City Extras : LHP Scott Davis
Pitching: LHP Henry Brown
Now at SS: Dave Anderson
Batting: RHB Steve Burton 0-0: Called Strike
0-1: Ball
1-1: Swinging Strike
1-2: Ball
2-2: Strikes out swinging
Batting: RHB Ismael Ortíz 0-0: Called Strike
0-1: Called Strike
0-2: Ball
1-2: Ball
2-2: Foul Ball, location: 2F
2-2: Fly out, F7 (Flyball, 7D)
Batting: RHB Pedro Cabrera 0-0: Swinging Strike
0-1: Swinging Strike
0-2: Ball
1-2: Fly out, F5 (Line Drive, 5)
Top of the 8th over - 0 runs, 0 hits, 0 errors, 0 left on base; Red Deer 2 - Culver City 5
BOTTOM OF THE 8TH
Culver City Extras batting - Pitching for Red Deer Wranglers : RHP Josh Ewing
Batting: LHB Buddy Rice 0-0: Called Strike
0-1: Called Strike
0-2: Ball
1-2: Ball
2-2: Ball
3-2: Base on Balls
Batting: RHB Marcos Liñares 0-0: Ball
1-0: Ground out 3-1 (Groundball, 34)
Buddy Rice to second
Batting: RHB Jamie Swyers 0-0: Intentional Walk
Batting: RHB Robert Koremans 0-0: Ball
1-0: Foul Ball, location: 2F
1-1: Swinging Strike
1-2: Foul Ball, location: 2F
1-2: Foul Ball, location: 2F
1-2: Ball
2-2: Strikes out swinging
Batting: RHB Dave Anderson 0-0: Ball
1-0: Ball
2-0: Ball
3-0: Base on Balls
Buddy Rice to third
Jamie Swyers to second
Pinch Hitting: LHB Ernesto Meléndez 0-0: Ball
1-0: Fly out, F9 (Flyball, 89M)
Bottom of the 8th over - 0 runs, 0 hits, 0 errors, 3 left on base; Red Deer 2 - Culver City 5
TOP OF THE 9TH
Red Deer Wranglers batting - Pitching for Culver City Extras : LHP Henry Brown
Pitching: RHP Alejandro Longoria
Now in LF: Ernesto Meléndez
Batting: RHB Xavier López 0-0: Ball
1-0: Foul Ball, location: 2F
1-1: Called Strike
1-2: Strikes out looking
Batting: SHB Robbie Rhodes 0-0: Called Strike
0-1: Called Strike
0-2: Ball
1-2: SINGLE (Groundball, 3S) (infield hit)
Batting: RHB Ricardo González 0-0: Called Strike
0-1: Ball
1-1: Swinging Strike
1-2: Ball
2-2: Fly out, F8 (Flyball, 8RD)
Batting: LHB Héctor Santos 0-0: Called Strike
0-1: SINGLE (Flyball, 89S)
Robbie Rhodes to second
Batting: RHB Julián García 0-0: Swinging Strike
0-1: Ball
1-1: Ball
2-1: Ball
3-1: Base on Balls
Robbie Rhodes to third
Héctor Santos to second
Batting: RHB Joe Lewis 0-0: Ball
1-0: Called Strike
1-1: Ball
2-1: Ball
3-1: Base on Balls
Robbie Rhodes scores
Héctor Santos to third
Julián García to second
Batting: RHB Steve Burton 0-0: Foul Ball, location: 2F
0-1: Foul Ball, location: 2F
0-2: Strikes out swinging
Top of the 9th over - 1 run, 2 hits, 0 errors, 3 left on base; Red Deer 3 - Culver City 5
Saturday, December 16th, 2017 - OOTP Baseball 18.8 Build 76